 Dungeon Crawl Stone Soup version 0.21.1-1-g345015f (webtiles) character file.

1143 theElss the Cudgeler (level 8, -11/50 HPs)
             Began as a Gargoyle Berserker on Feb 14, 2018.
             Was a Priest of Trog.
             Mangled by an ogre
             ... wielding a +0 giant club
              (20 damage)
             ... on level 5 of the Dungeon.
             The game lasted 00:11:27 (3486 turns).

theElss the Cudgeler (Gargoyle Berserker)           Turns: 3486, Time: 00:11:28

Health: -11/50     AC: 12    Str: 21    XL:     8   Next: 37%
Magic:  8/8        EV: 11    Int:  9    God:    Trog [***...]
Gold:   195        SH:  0    Dex: 10    Spells: 7/7 levels left

rFire    . . .     SeeInvis .   u - +1 whip (freeze)
rCold    . . .     Gourm    .   (no shield)
rNeg     + . .     Faith    .   m - +0 scale mail
rPois    ∞         Spirit   .   (no helmet)
rElec    +         Reflect  .   v - scarf {repulsion}
rCorr    .         Harm     .   (no gloves)
MR       ++...                  (no boots)
Stlth    ..........             (no amulet)
HPRegen  1.16/turn              (no ring)
MPRegen  0.11/turn              (no ring)

@: berserk cooldown, regenerating, slowed, repel missiles, very slow
A: negative energy resistance 1, electricity resistance, unbreathing,
petrification resistance, rot immunity, AC +5
a: Berserk, Trog's Hand, Burn Spellbooks, Renounce Religion


You were on level 5 of the Dungeon.
You worshipped Trog.
Trog was most pleased with you.
You were near starving.

You visited 1 branch of the dungeon, and saw 5 of its levels.

You collected 195 gold pieces.

Inventory:

Hand Weapons
 a - a +0 mace
 u - a +1 whip of freezing (weapon)
Armour
 b - a +0 animal skin
 m - a +0 scale mail (worn)
 t - a +0 cloak
 v - a scarf of repulsion (worn)
Jewellery
 k - a +3 ring of dexterity {unknown}
 n - a cursed -4 ring of strength {unknown}
 q - an uncursed ring of positive energy {unknown}
Wands
 r - a wand of polymorph (14)
 s - a wand of disintegration (17)
Scrolls
 e - 4 scrolls of identify
 f - a scroll of fear
 i - a scroll of enchant weapon {unknown}
 l - a scroll of amnesia {unknown}
Potions
 d - 2 potions of agility {unknown}
 g - 4 potions of curing {unknown}
 h - a potion of brilliance {unknown}
 j - 2 potions of might {unknown}
 p - 2 potions of degeneration {unknown}
Comestibles
 c - 9 rations
 o - 3 chunks of flesh


   Skills:
 + Level 5.4 Fighting
 + Level 7.7 Maces & Flails
 + Level 5.0 Armour
 + Level 2.8 Dodging
 + Level 0.4 Stealth


You had 7 spell levels left.
You didn't know any spells.

Dungeon Overview and Level Annotations

Branches:
Dungeon (5/15)             Temple (0/1) D:4

Altars:
Gozag
Hepliaklqana

Annotations:
D:5 Grinder


Innate Abilities, Weirdness & Mutations

You are resistant to torment.
Your stone body is resilient. (AC +5)
You are immune to poison.
You resist negative energy. (rN+)
You are resistant to electric shocks. (rElec)
You can survive without breathing.
You are immune to petrification.
You are immune to rotting.


Message History

You feel resistant to hostile enchantments.
You are near starving!
The ogre hits you with a giant club!
* * * LOW HITPOINT WARNING * * *
Grinder hits you but does no damage.
Unknown command.
You barely miss Grinder.
Grinder is almost dead.
Grinder hits you but does no damage. The ogre misses you.
You closely miss Grinder.
Grinder is almost dead.
Grinder gestures at you. You resist with almost no effort.
The ogre hits you with a giant club!
* * * LOW HITPOINT WARNING * * *
Grinder hits you but does no damage.
As you read the scroll labeled YRAZAEZUAW, it crumbles to dust.
It is a scroll of identify.
f - a scroll of fear The ogre hits you with a giant club!!
You die...

... #...# #.#
########...# #.#
#........... #.#
#.######...# ### #.#
#.#.........
......####.###.##.#######
.........................
......####.###.##.##.##..
.......5@..# #.##.##.####
.......O.### #.##.##.....
.........# #.##.#######
.........# #.##.# #
......#### #.##.# #
###... #.# .. # #... #.#
# #... #.. # #.. .


You could see Grinder and an ogre.

Vanquished Creatures
  Pikel (D:4)
  A water moccasin (D:5)
  An ogre (D:4)
  A water moccasin skeleton (D:5)
  A scorpion (D:4)
  A hound (D:4)
  A jelly (D:5)
  Crazy Yiuf (D:4)
  2 worker ants (D:4)
  A hound skeleton (D:5)
  6 adders
  8 gnolls (D:5)
  A shadow imp (D:4)
  2 oozes
  An adder zombie (D:5)
  4 worms
  A dart slug (D:1)
  2 leopard geckos (D:1)
  12 orcs
  2 ball pythons (D:1)
  9 bats
  4 giant cockroaches
  10 goblins
  4 hobgoblins
  7 jackals
  9 kobolds
  5 frilled lizards
  9 rats
107 creatures vanquished.

Vanquished Creatures (others)
  Menkaure (D:4)
  An orc (D:4)
  A jackal skeleton (D:5)
3 creatures vanquished.

Grand Total: 110 creatures vanquished

Notes
Turn   | Place    | Note
-------+----------+-------------------------------------------
     0 | D:1      | theElss the Gargoyle Berserker began the quest for the Orb.
     0 | D:1      | Reached XP level 1. HP: 14/14 MP: 1/1
   117 | D:1      | Reached XP level 2. HP: 16/19 MP: 2/2
   449 | D:1      | Reached XP level 3. HP: 23/24 MP: 3/3
   610 | D:1      | Reached ** piety under Trog
  1204 | D:2      | Reached XP level 4. HP: 25/29 MP: 4/4
  1304 | D:2      | Reached skill level 4 in Maces & Flails
  1789 | D:3      | Reached XP level 5. HP: 22/33 MP: 5/5
  1791 | D:3      | Reached *** piety under Trog
  2037 | D:3      | Found a hazy altar of Hepliaklqana.
  2367 | D:4      | Found a staircase to the Ecumenical Temple.
  2455 | D:4      | Reached skill level 5 in Maces & Flails
  2489 | D:4      | Reached XP level 6. HP: 30/39 MP: 6/6
  2598 | D:4      | Found a runed door.
  2602 | D:4      | Noticed Crazy Yiuf
  2610 | D:4      | Killed Crazy Yiuf
  2869 | D:4      | Noticed a slave
  2870 | D:4      | Noticed a slave
  2870 | D:4      | Noticed a slave
  2870 | D:4      | Noticed Menkaure
  2871 | D:4      | Noticed a slave
  2873 | D:4      | Noticed Pikel
  2903 | D:4      | Killed Pikel
  2903 | D:4      | Reached skill level 5 in Fighting
  2903 | D:4      | Reached skill level 7 in Maces & Flails
  2903 | D:4      | Reached XP level 7. HP: 44/44 MP: 7/7
  2905 | D:4      | Killed Menkaure
  2992 | D:4      | Reached XP level 8. HP: 49/49 MP: 8/8
  3158 | D:5      | Entered Level 5 of the Dungeon
  3280 | D:5      | Found an opulent altar of Gozag.
  3303 | D:5      | Reached skill level 5 in Armour
  3460 | D:5      | Noticed Grinder
  3486 | D:5      | Mangled by an ogre

Skill      XL: |  1  2  3  4  5  6  7  8 |
---------------+-------------------------+-----
Dodging        | 2 |  2.8
Maces & Flails | 4 5 7 |  7.7
Fighting       | 4 5 |  5.4
Armour         | 3 4 5 |  5.0
Stealth        | |  0.4

Action                   |  1- 3 |  4- 6 |  7- 9 || total
-------------------------+-------+-------+-------++-------
Melee: Mace              |   149 |   214 |       ||   363
       Whip              |       |       |    96 ||    96
Invok: Berserk           |       |     4 |     2 ||     6
       Trog's Hand       |       |       |     1 ||     1
  Use: Scroll            |       |       |     1 ||     1
 Stab: Sleeping          |     2 |       |       ||     2
  Eat: Chunk             |     1 |     9 |     3 ||    13
Armor: Animal skin       |    57 |       |       ||    57
       Scale mail        |       |   126 |    27 ||   153
Dodge: Dodged            |   144 |   130 |    43 ||   317
